 Dungeon Crawl Stone Soup version 0.29-a0-582-ge82337ba6a (webtiles) character file.

Game seed: 8528017766326526702

3830 DocClef the Skirmisher (level 9, 0/121 HPs)
             Began as a White Draconian Wanderer on June 14, 2022.
             Was a Believer of Okawaru.
             Succumbed to Grum's poison
             ... on level 8 of the Dungeon.
             The game lasted 00:12:37 (8849 turns).

DocClef the Skirmisher (White Draconian Wanderer)   Turns: 8849, Time: 00:12:38

Health: 0/121      AC: 15    Str: 16    XL:     9   Next: 97%
Magic:  3/18       EV: 15    Int: 19    God:    Okawaru [**....]
Gold:   499        SH:  0    Dex: 15    Spells: 8/8 levels left

rFire   . . .      SeeInvis .   g - +9 war axe of Facat {protect, rC- rN+ Int+6 Dex+2}
rCold   . . .      Faith    .   (no shield)
rNeg    + . .      Spirit   +   (body armour unavailable)
rPois   .          Reflect  .   d - +1 hat
rElec   .          Harm     .   m - scarf {shadows}
rCorr   .          Rampage  .   (no gloves)
Will    .....                   (no boots)
Stlth   ..........              r - amulet of guardian spirit
HPRegen 0.30/turn               i - ring of magical power
MPRegen 0.16/turn               e - +4 ring of slaying

@: berserking, lethally poisoned (0 -> -7), under a protective aura, very quick
A: breathe frost, AC +7, unfitting armour, cold resistance 1, cold-blooded
a: Breathe Frost, Renounce Religion, Heroism


You were on level 8 of the Dungeon.
You worshipped Okawaru.
Okawaru was pleased with you.
You visited 2 branches of the dungeon, and saw 9 of its levels.

You collected 499 gold pieces.

Inventory:

Hand Weapons
 g - the +9 war axe of Facat (weapon) {protect, rC- rN+ Int+6 Dex+2}
   (You found it on level 6 of the Dungeon)

   It grants its wielder temporary protection when it strikes (+7 to AC).
   Int:       It affects your intelligence (+6).
   Dex:       It affects your dexterity (+2).
   rC:        It makes you vulnerable to cold.
   rN:        It protects you from negative energy.
 p - a +2 dire flail of protection
Armour
 d - a +1 hat (worn)
 m - a scarf of shadows (worn)
Jewellery
 e - a +4 ring of slaying (right hand)
 i - a ring of magical power (left hand)
 r - an amulet of guardian spirit (around neck)
 u - a +6 ring of intelligence
 A - a +6 ring of strength
 B - a ring of willpower
 D - a +6 ring of dexterity
Wands
 h - a wand of flame (16)
 F - a wand of iceblast (8)
Scrolls
 l - 5 scrolls of identify
 n - 2 scrolls of fear
 q - a scroll of blinking
 s - a scroll of magic mapping
 t - a scroll of torment {unknown}
 v - a scroll of enchant weapon {unknown}
 w - 3 scrolls of teleportation
 y - a scroll of immolation {unknown}
 E - a scroll of noise {unknown}
 G - 2 scrolls of brand weapon {unknown}
Potions
 a - a potion of curing
 b - a potion of berserk rage
 c - a potion of lignification {unknown}
 f - a potion of resistance {unknown}
 j - 2 potions of haste
 k - a potion of ambrosia {unknown}
 o - 4 potions of mutation
 x - 3 potions of degeneration {unknown}
 z - a potion of brilliance
 C - a potion of flight {unknown}


   Skills:
 + Level 7.9 Fighting
 - Level 1.1 Short Blades
 + Level 3.7(5.9) Axes
 - Level 7.0(7.5) Maces & Flails
 + Level 6.6 Dodging
 + Level 7.7 Stealth
 - Level 1.0 Invocations


You had 8 spell levels left.
You didn't know any spells.
Your spell library contained the following spells:

 Spells                   Type           Power      Damage    Failure   Level
 Magic Dart               Conj           0%         1d3       21%         1
 Sandblast                Erth           0%         2d4       21%         1
 Shock                    Conj/Air       0%         1d3       21%         1
 Passwall                 Tmut/Erth      0%         N/A       30%         2
 Conjure Flame            Conj/Fire      0%         6-21      52%         3
 Ignite Poison            Fire/Tmut/Pois 0%         N/A       52%         3
 Mephitic Cloud           Conj/Pois/Air  0%         N/A       52%         3
 Portal Projectile        Hex/Tloc       0%         N/A       52%         3
 Stone Arrow              Conj/Erth      0%         3d7       52%         3
 Swiftness                Air            0%         N/A       52%         3
 Airstrike                Air            0%         N/A       90%         4
 Fulminant Prism          Conj/Hex       0%         3d6       90%         4
 Iskenderun's Mystic Bla  Conj/Tloc      0%         2d3       90%         4
 Leda's Liquefaction      Hex/Erth       0%         N/A       90%         4
 Sticky Flame             Conj/Fire      0%         2d3       90%         4
 Lee's Rapid Deconstruct  Erth           0%         3d5*      99%         5
 Call Imp                 Summ           Unusable   N/A       N/A         2
 Call Canine Familiar     Summ           Unusable   N/A       N/A         3

Dungeon Overview and Level Annotations

Branches:
Dungeon (8/15)             Temple (1/1) D:5
   Lair: D:8-11

Altars:
Ashenzari
Cheibriados
Dithmenos
Elyvilon
Fedhas
Gozag
Hepliaklqana
Kikubaaqudgha
Makhleb
Okawaru
Ru
Trog
Uskayaw
Vehumet
Wu Jian
Xom
Yredelemnul
Zin
The Shining One


Innate Abilities, Weirdness & Mutations

You can breathe waves of freezing cold which knock back foes.
Your icy white scales are hard. (AC +7)
You cannot fit into any form of body armour.
Your flesh is cold resistant. (rC+)
You are cold-blooded and may be slowed by cold attacks.


Message History

You slash Grum!
Your weapon exudes an aura of protection.
Grum is heavily wounded.
You hit the gnoll.
* * * LOW HITPOINT WARNING * * *
You feel very sick. The gnoll completely misses you.
The gnoll closely misses you. Grum hits you but does no damage.
You are lethally poisoned!
You slice Grum!!
You kill Grum!
Okawaru accepts your kill.
You slash the gnoll!
You kill the gnoll!
Okawaru accepts your kill.
* * * LOW HITPOINT WARNING * * *
You feel sick. The gnoll closely misses you.
You slash the wolf!
The wolf is severely wounded.
* * * LOW HITPOINT WARNING * * *
You feel very sick. The wolf bites you but does no damage.
The gnoll hits you from afar with a +0 halberd!
* * * LOW HITPOINT WARNING * * *
You slash the wolf!
You kill the wolf!
Okawaru accepts your kill.
You hit the gnoll.
* * * LOW HITPOINT WARNING * * *
You feel very sick. The gnoll barely misses you.
The gnoll hits you but does no damage.
You barely miss the gnoll.
Your tail-slap misses the gnoll.
The gnoll is moderately wounded.
You have got your breath back.
* * * LOW HITPOINT WARNING * * *
You feel sick.
Unknown command.
You barely miss the gnoll.
The gnoll is moderately wounded.
You die...

#.##.#....(##########.
##.##.#..#..................
.....†.gh#.................#
#......gg........#.#####...#
....#######........# #...
#.# #........# #..# .
#g.......# #..# #)g#...#.#
##..## #@##...#.## #.....
#.##..#...###.###.
#.##.......##.# #.
..##..........###)
.#.##.#.....##.....
....##......#####.## .#
########..#####.## .#
#.........# ##.#####..#


You could see 2 gnolls.

Vanquished Creatures
  Prince Ribbit (D:8)
  Sigmund (D:4)
  Grum (D:8)
  4 steam dragons
  Edmund (D:4)
  2 black bears
  An ice beast (D:7)
  2 sky beasts (D:7)
  An ogre (D:4)
  2 wolves (D:8)
  2 centaurs
  2 bullfrogs
  4 necrophages
  2 gnoll sergeants
  2 scorpions
  3 wights (D:8)
  A jelly (D:5)
  4 orc priests
  3 hounds
  7 iguanas
  Jessica (D:3)
  2 gnoll shamans
  9 orc wizards
  3 adders
  22 gnolls
  A white imp (D:6)
  An ufetubus (D:7)
  3 worms
  6 dart slugs
  34 orcs
  4 endoplasms
  7 giant cockroaches
  5 goblins
  9 hobgoblins
  5 jackals
  5 kobolds
  4 quokkas
  7 ball pythons
  2 bats
  3 frilled lizards
  A rat (D:1)
  A spectral orc (D:5)
181 creatures vanquished.

Vanquished Creatures (others)
  An orc wizard (D:5)
  An adder (D:5)
2 creatures vanquished.

Grand Total: 183 creatures vanquished

Notes
Turn   | Place    | Note
-------+----------+-------------------------------------------
     0 | D:1      | DocClef the Draconian Wanderer began the quest for the Orb.
     0 | D:1      | DocClef set off with the following items: a +2 dagger, 2
                  | potions of berserk rage, a +0 mace, a +0 hat
     0 | D:1      | Reached XP level 1. HP: 16/16 MP: 1/1
   417 | D:1      | Reached XP level 2. HP: 21/23 MP: 2/2
   868 | D:1      | Found a faded altar of an unknown god.
  1004 | D:1      | Reached XP level 3. HP: 29/29 MP: 3/3
  2128 | D:3      | Noticed Jessica
  2131 | D:3      | Killed Jessica
  2132 | D:3      | Reached XP level 4. HP: 36/36 MP: 4/4
  2906 | D:3      | Reached XP level 5. HP: 42/42 MP: 5/5
  2952 | D:3      | Found a shimmering altar of Xom.
  2955 | D:3      | Found an ancient bone altar of Kikubaaqudgha.
  2955 | D:3      | Found a snail-covered altar of Cheibriados.
  2972 | D:3      | Found a glowing silver altar of Zin.
  2972 | D:3      | Found a blossoming altar of Fedhas.
  2984 | D:3      | Found a white marble altar of Elyvilon.
  3493 | D:4      | Noticed a steam dragon
  3504 | D:4      | Killed a steam dragon
  3505 | D:4      | Reached skill level 5 in Maces & Flails
  3505 | D:4      | Reached XP level 6. HP: 6/51 MP: 4/6
  3729 | D:5      | Entered Level 5 of the Dungeon
  4440 | D:4      | Your scales start taking on an icy white colour.
  4440 | D:4      | Reached XP level 7. HP: 51/59 MP: 7/7
  4440 | D:4      | Gained mutation: Your flesh is cold resistant. (rC+) [White
                  | Draconian growth]
  4739 | D:4      | Noticed Sigmund
  4746 | D:4      | Noticed Edmund
  5257 | D:4      | Killed Edmund
  5258 | D:4      | Reached skill level 5 in Stealth
  5493 | D:4      | Killed Sigmund
  5494 | D:4      | Reached skill level 5 in Fighting
  5599 | D:5      | Found an ornate altar of the Wu Jian Council.
  5650 | D:5      | Reached XP level 8. HP: 44/68 MP: 8/8
  5821 | D:5      | Found a staircase to the Ecumenical Temple.
  5843 | D:5      | Reached skill level 1 in Short Blades
  5852 | Temple   | Entered the Ecumenical Temple
  5972 | Temple   | Became a worshipper of Warmaster Okawaru
  6622 | D:5      | Reached * piety under Okawaru
  6623 | D:5      | Reached skill level 5 in Dodging
  7059 | D:6      | Reached XP level 9. HP: 78/78 MP: 9/9
  7069 | D:6      | Identified the +9 war axe of Facat {protect, rC- rN+ Int+6
                  | Dex+2}
  7459 | D:5      | Found a hazy altar of Hepliaklqana.
  7921 | D:7      | Reached skill level 1 in Axes
  8086 | D:7      | Identified the +8 dagger "Veuxar" {vorpal, Fragile Int+4
                  | SInv}
  8123 | D:7      | Reached ** piety under Okawaru
  8339 | D:7      | Found a hide-covered altar of Uskayaw.
  8339 | D:7      | Found a burning altar of Makhleb.
  8641 | D:8      | Noticed Prince Ribbit
  8649 | D:8      | Killed Prince Ribbit
  8820 | D:8      | Noticed Grum
  8845 | D:8      | Killed Grum
  8846 | D:8      | HP: 5/121 [gnoll/+0 halberd[a gnoll shaman] (4)]
  8848 | D:8      | HP: 1/121 [poisoned by Grum]
  8849 | D:8      | Succumbed to Grum's poison

Illustrated notes

Levels and vault maps discovered:
D:1:      lightli_arrival_quake, layout_basic,
          shapermc_ecumenical_altar_starsandcircs,
          chequers_serial_rivers_large_b, nrook_mini_backslash,
          palyth_stone_intersect
D:2:      layout_basic
D:3:      layout_rooms, elyvilon_altar_5, grunt_temple_overflow_open,
          minmay_diced_spiral, uniq_jessica
D:4:      kennysheep_spiral_hall, layout_rooms, cheibrodos_sewer_entry_bend,
          chequers_avenue, uniq_edmund, uniq_sigmund
D:5:      layout_loops_ring, nzn_wu_jian_council_hall,
          nicolae_hepliaklqana_monster_ancestors, minmay_temple_entry_ruins,
          minmay_a_box_with_orc_wizards_in_it
D:6:      layout_rooms, kennysheep_generic_room_13
D:7:      layout_rooms, gammafunk_temple_overflow_pools
D:8:      layout_loops_ring, nemelex_spade_bored_becter, uniq_prince_ribbit1,
          uniq_grum
Temple:   jpeg_temple_island

Skill      XL: |  1  2  3  4  5  6  7  8  9 |
---------------+----------------------------+-----
Stealth        | 3 4 5 6 7 |  7.7
Fighting       | 2 3 4 5 6 7 |  7.9
Dodging        | 2 3 4 5 6 |  6.6
Maces & Flails | 5 6 7 |  7.0
Short Blades   | 1 |  1.1
Axes           | 3 |  3.7
Invocations    | |  1.0

Action                   |  1- 3 |  4- 6 |  7- 9 || total
-------------------------+-------+-------+-------++-------
Melee: Dagger            |   117 |    67 |       ||   184
       Tailslap          |    11 |    26 |    70 ||   107
       Punch             |     2 |     2 |     1 ||     5
       Short sword       |       |   115 |   147 ||   262
       Dire flail        |       |       |   103 ||   103
       War axe           |       |       |    96 ||    96
 Abil: Breathe Frost     |       |       |     4 ||     4
  Use: Scroll            |       |     9 |     1 ||    10
       Potion            |       |     3 |     4 ||     7
 Stab: Sleeping          |     6 |     3 |     7 ||    16
       Distracted        |       |       |     1 ||     1
Armor: Skin              |    37 |    56 |   131 ||   224
Dodge: Dodged            |    76 |   144 |   253 ||   473

Table legend: (Time is in decaauts)
 A = Elapsed time spent in this place.
 B = Non-inter-level travel time spent in this place.
 C = Inter-level travel time spent in this place.
 D = Time resting spent in this place.
 E = Time spent auto-exploring this place.
 F = Levels seen in this place.
 G = Mean time per level.
                   A        B        C        D        E       F      G
               +--------+--------+--------+--------+--------+-----+--------+
         Total |   8936 |   8716 |    220 |   1478 |   5696 |   9 |  992.9 |
       Dungeon |   8784 |   8594 |    190 |   1478 |   5592 |   8 | 1098.0 |
        Temple |    151 |    121 |     30 |      0 |    104 |   1 |  151.0 |
               +--------+--------+--------+--------+--------+-----+--------+

Top non-repeatable levels by time:
     D:5: 1899 daAuts
     D:4: 1707 daAuts
     D:1: 1607 daAuts
     D:2: 1096 daAuts
     D:3: 816 daAuts
     D:6: 667 daAuts
     D:7: 592 daAuts
     D:8: 398 daAuts
  Temple: 151 daAuts
